AoeStats
← tominosik

Four Lakes

510118308Analyzed
1v1 RM · 3d ago on Sep 29, 2026· 28m 14s· 2 players
Game mode
Random Map
Map size
Tiny (2 player)
Population
200
Speed
Normal
Resources
Standard
Victory
Conquest
Starting age
Dark Age
Ending age
Imperial Age
RankedLock teamsTeams togetherTeam positionsShared explorationLock speedFull tech treeHidden civsTurbo modeCheats
Victory
Defeat
🇦🇷 Tatars · Argentina
1072
+15
🇨🇿 Goths · Czechia
1052
-41
tominosik
0:58 Loom
11:03 Feudal Age
12:37 Wheelbarrow
17:10 Forging
19:46 Horse Collar
22:40 Scale Mail Armor
25:51 Castle Age
El Apóstol
5:10 Loom
8:48 Feudal Age
9:21 Double-Bit Axe
18:35 Castle Age
17:10 Horse Collar
17:22 Gold Mining
19:48 Bow Saw
20:16 Bloodlines
25:27 Town Watch
26:23 Padded Archer Armor
26:13 Fletching
Connection lost

Rejoining the realm…

Still unreachable

The connection could not be restored.

Session expired

The server has moved on; the page needs a fresh start.